 Dungeon Crawl Stone Soup version 0.28.0-53-g5a82cb258f (webtiles) character file.

Game seed: 2872666547773258260

75506 DrIncompetent the Severer (level 15, -4/103 HPs)
             Began as an Octopode Berserker on May 17, 2022.
             Was a High Priest of Trog.
             Succumbed to a redback's poison
             ... on level 1 of the Spider Nest on June 21, 2022.
             The game lasted 02:16:24 (30182 turns).

DrIncompetent the Severer (Octopode Berserker)     Turns: 30182, Time: 02:16:25

Health: -4/103     AC: 14    Str: 29    XL:     15   Next: 50%
Magic:  15/15      EV: 25    Int: 10    God:    Trog [*****.]
Gold:   369        SH:  5    Dex: 12    Spells: 14/14 levels left

rFire   + . .      SeeInvis +   W - +2 executioner's axe (protect)
rCold   + . .      Faith    .   (shield currently unavailable)
rNeg    + + .      Spirit   .   v - -2 hat of the Alchemist {rElec rPois rF+ rC+ rN+ Will+ rMut rCorr}
rPois   +          Reflect  +   E - amulet of reflection
rElec   +          Harm     .   h - +4 ring of protection
rCorr   +          Rampage  .   q - ring of see invisible
rMut    +                       X - +6 ring of strength
Will    +++++                   Y - +4 ring of protection
Stlth   ++++++....              I - +4 ring of evasion
HPRegen 1.27/turn               Q - ring of willpower
MPRegen 0.14/turn               K - +4 ring of evasion
                                P - ring of Internal Strife {rPois rN+}

@: lethally poisoned (-4 -> -23), strong-willed (expiring), under a protective
aura, on berserk cooldown, regenerating (expiring), slowed, very slow
A: almost no armour, amphibious, 8 rings, camouflage 1, gelatinous body 1,
(nimble swimmer 1), tentacles
a: Renounce Religion, Berserk, Trog's Hand, Brothers in Arms


You were on level 1 of the Spider Nest.
You worshipped Trog.
Trog was extremely pleased with you.
You visited 4 branches of the dungeon, and saw 21 of its levels.

You collected 2509 gold pieces.
You spent 2140 gold pieces at shops.

Inventory:

Hand Weapons
 i - a +4 battleaxe of protection
 t - the +10 whip of Shame {speed, Int+3}
   (You took it off a centaur on level 6 of the Dungeon)

   Attacks with this weapon are significantly faster.
   Int:       It affects your intelligence (+3).
 x - the +9 trident of Victory {vorpal, +Blink Int-3 Dex+4}
   (You found it on level 7 of the Dungeon)

   It inflicts extra damage upon your enemies.
   Int:       It affects your intelligence (-3).
   Dex:       It affects your dexterity (+4).
   +Blink:    It lets you blink.
 y - the +2 war axe "Itriarhyni" {vorpal, SInv}
   (You found it on level 7 of the Dungeon)

   It inflicts extra damage upon your enemies.
   SInv:      It lets you see invisible.
 H - a +1 hand axe of flaming
 W - a +2 executioner's axe of protection (weapon)
Missiles
 l - an atropa-tipped dart
 C - 33 poisoned darts (quivered)
Armour
 v - the -2 hat of the Alchemist (worn) {rElec rPois rF+ rC+ rN+ Will+ rMut rCorr}
   (You acquired it on level 5 of the Lair of Beasts)

   rF:        It protects you from fire.
   rC:        It protects you from cold.
   rElec:     It insulates you from electricity.
   rPois:     It protects you from poison.
   rN:        It protects you from negative energy.
   rCorr:     It protects you from acid and corrosion.
   rMut:      It protects you from mutation.
   Will:      It increases your willpower.
 D - a +1 hat
 N - a +0 buckler
Jewellery
 a - a ring of magical power
 b - a ring of fire
 c - a ring of fire
 h - a +4 ring of protection (left tentacle)
 j - a ring of positive energy
 q - a ring of see invisible (right tentacle)
 B - the ring "Vaopoc" {rF- rC++ Int+6}
   (You found it on level 10 of the Dungeon)

   [ring of intelligence]

   Int:       It affects your intelligence (+6).
   rF:        It makes you vulnerable to fire.
   rC:        It greatly protects you from cold.
 E - an amulet of reflection (around mantle)
 I - a +4 ring of evasion (on tentacle)
 K - a +4 ring of evasion (on tentacle)
 P - the ring of Internal Strife (on tentacle) {rPois rN+}
   (You found it on level 5 of the Lair of Beasts)

   [ring of poison resistance]

   rPois:     It protects you from poison.
   rN:        It protects you from negative energy.
 Q - a ring of willpower (on tentacle)
 X - a +6 ring of strength (on tentacle)
 Y - a +4 ring of protection (on tentacle)
Wands
 d - a wand of acid (4)
 k - a wand of paralysis (10)
 p - a wand of flame (6)
 w - a wand of iceblast (12)
 T - a wand of mindburst (4)
 V - a wand of polymorph (7)
Scrolls
 e - a scroll of brand weapon
 f - 7 scrolls of teleportation
 o - 2 scrolls of blinking
 A - 4 scrolls of silence
 O - a scroll of fog
 R - a scroll of fear
 U - a scroll of magic mapping
 Z - a scroll of identify
Potions
 g - 3 potions of resistance
 m - 5 potions of haste
 n - 3 potions of might
 r - 3 potions of ambrosia
 s - 10 potions of curing
 u - 3 potions of lignification
 z - a potion of magic {unknown}
 G - 4 potions of heal wounds
 J - 3 potions of cancellation
 L - a potion of invisibility
 S - 2 potions of berserk rage
Miscellaneous
 F - a lightning rod (1/4)
 M - a phantom mirror


   Skills:
 - Level 10.2 Fighting
 - Level 20.2(20.3) Axes
 - Level 3.0(13.6) Maces & Flails
 - Level 9.9 Dodging
 + Level 11.3 Stealth
 + Level 9.6 Evocations


You had 14 spell levels left.
You didn't know any spells.
Your spell library was empty.

Dungeon Overview and Level Annotations

Branches:
Dungeon (12/15)            Temple (0/1) D:7            Lair (6/6) D:11
 Shoals (0/4) Lair:4       Spider (1/4) Lair:3          Orc (2/2) D:12
    Elf (0/3) Orc:2
  Slime: Lair:5-6

Altars:
Ashenzari
Elyvilon
Gozag
Kikubaaqudgha
Makhleb
Okawaru
Qazlal
Ru
Sif Muna
Wu Jian
The Shining One

Shops:
D:1 (   D:2 *   D:12 [   Orc:2 !!(=

Portals:
Pandemonium: Orc:2

Annotations:
D:11 3 runed translucent doors, Spectrina's ghost, journeyman DEMo; Zeld's ghost, journeyman DDFi; issech's ghost, journeyman TrFi
Lair:3 1 runed translucent door, slowmoth's ghost, journeyman GrEE
Lair:4 2 transporters
Lair:6 exclusion: oklob plant
Spider:1 Roxanne


Innate Abilities, Weirdness & Mutations

You cannot wear most types of armour.
You are amphibious.
You can wear up to eight rings at the same time.
Your skin changes colour to match your surroundings (Stealth+).
Your rubbery body absorbs attacks. (AC +1, EV +1)
((You are camouflaged when in or above water. (Stealth+)))
You have tentacles for arms and can constrict up to eight enemies at once.


Message History

* * * LOW HITPOINT WARNING * * *
The wolf spider misses you. The boulder beetle closely misses you.
You slice the boulder beetle like a ripe choko!!!
You kill the boulder beetle!
Trog accepts your kill.
You slice the wolf spider!!
* * * LOW HITPOINT WARNING * * *
You feel extremely sick.
You hear a hideous shriek!
The wolf spider hits you but does no damage.
The wolf spider misses you.
You closely miss the emperor scorpion.
Your tentacle-slap misses the emperor scorpion.
You slash the wolf spider!
* * * LOW HITPOINT WARNING * * *
You feel extremely sick. The wolf spider hits you!
* * * LOW HITPOINT WARNING * * *
The wolf spider barely misses you.
A radroach comes into view.
The emperor scorpion completely misses you.
The emperor scorpion claws you but does no damage.
The emperor scorpion claws you.
* * * LOW HITPOINT WARNING * * *
You are too berserk!
You are too berserk!
Okay, then.
Okay, then.
* * * LOW HITPOINT WARNING * * *
You feel extremely sick.
You feel a strong urge to attack something.
* * * LOW HITPOINT WARNING * * *
You feel very sick.
You are too berserk!
Okay, then.
You pick your way through the web.
You are no longer berserk.
You are exhausted.
You feel yourself slow down.
You die...

#.# ##.# ##..# #.
#..s###
#...#.††..#
....B.....#
#######ss.###
##.†.#.#
###....@.###
#..........##
##..........#
##.........##
##.........#
#..........# ##
...#........###.#
...###.......#..#
..!. ##.........#


You could see an emperor scorpion, a wolf spider and a redback.

Vanquished Creatures
  An entropy weaver (Spider:1)
  3 boulder beetles
  6 hydras
  A demonspawn (Orc:2)
  An ogre mage (Orc:1)
  3 two-headed ogres
  8 death yaks
  7 orc high priests (Orc:2)
  A pharaoh ant (Spider:1)
  A sixfirhy (Orc:1)
  An orb spider (Spider:1)
  5 orc knights
  A lindwurm (Lair:3)
  6 orc sorcerers
  3 wolf spiders (Spider:1)
  7 elephants
  Joseph (D:7)
  A torpor snail (Spider:1)
  A gargoyle (D:11)
  7 black mambas
  13 cane toads
  7 rime drakes
  11 komodo dragons
  A hellwing (Orc:2)
  10 polar bears
  4 trolls
  Prince Ribbit (Lair:2)
  3 hornets
  6 slime creatures (D:12)
  2 tarantellas (Spider:1)
  6 blink frogs
  7 dream sheep (Lair:6)
  A raiju (Lair:6)
  A jumping spider (Spider:1)
  A shadow (D:12)
  7 culicivoras
  7 wyverns
  26 yaks
  2 wraiths
  Eustachio (D:5)
  10 redbacks (Spider:1)
  3 basilisks
  3 vampire mosquitoes (D:12)
  A steam dragon (D:7)
  Menkaure (D:7)
  9 wargs
  3 acid dragons (D:12)
  20 water moccasins
  14 hell hounds (Lair:6)
  An ice beast (D:6)
  37 orc warriors
  11 black bears (Lair:6)
  2 necrophages
  11 ogres
  10 centaurs
  42 wolves
  2 phantoms
  6 kobold brigands
  14 bullfrogs
  3 gnoll sergeants (D:12)
  A scorpion (D:5)
  2 water moccasin skeletons (D:6)
  7 killer bees
  5 wights (D:3)
  A howler monkey (D:6)
  3 centaur zombies
  24 orc priests
  A centaur skeleton (D:4)
  3 hounds
  A bullfrog skeleton (D:5)
  A gnoll shaman (D:5)
  23 orc wizards
  4 howler monkey zombies
  7 adders
  20 gnolls
  2 shadow imps (D:8)
  An ufetubus (D:5)
  3 worms
  6 dart slugs
  89 orcs
  4 endoplasms
  2 giant cockroaches
  9 goblins
  3 hobgoblins
  6 jackals
  9 ball pythons
  5 bats
  4 frilled lizards
  14 kobolds
  6 rats
651 creatures vanquished.

Vanquished Creatures (others)
  2 centaurs (Lair:2)
  27 fungi
  62 plants
  4 withered plants (D:11)
95 creatures vanquished.

Grand Total: 746 creatures vanquished

Notes
Turn   | Place    | Note
-------+----------+-------------------------------------------
     0 | D:1      | DrIncompetent the Octopode Berserker began the quest for
                  | the Orb.
     0 | D:1      | Reached XP level 1. HP: 16/16 MP: 1/1
   159 | D:1      | Reached skill level 1 in Axes
   159 | D:1      | Reached XP level 2. HP: 21/21 MP: 2/2
   574 | D:1      | Reached XP level 3. HP: 21/26 MP: 3/3
   927 | D:1      | Found Wepokimm's Antique Weapon Emporium.
   988 | D:1      | Reached ** piety under Trog
  1291 | D:2      | Found Iwky's General Store.
  1340 | D:2      | Reached skill level 2 in Axes
  1560 | D:2      | Reached XP level 4. HP: 33/33 MP: 4/4
  2382 | D:2      | Reached skill level 3 in Axes
  2382 | D:2      | Reached XP level 5. HP: 38/38 MP: 5/5
  2975 | D:3      | Reached skill level 5 in Fighting
  3016 | D:3      | Reached XP level 6. HP: 36/45 MP: 6/6
  3070 | D:3      | Reached skill level 4 in Axes
  3176 | D:3      | Noticed a great orb of eyes
  3201 | D:3      | Found a faded altar of an unknown god.
  3203 | D:3      | Noticed a shining eye
  3203 | D:3      | Noticed a golden eye
  3203 | D:3      | Noticed a golden eye
  3291 | D:3      | Reached skill level 5 in Axes
  4017 | D:3      | Found a white marble altar of Elyvilon.
  4067 | D:3      | Found a stormy altar of Qazlal.
  4505 | D:3      | Reached XP level 7. HP: 50/50 MP: 7/7
  5812 | D:4      | Reached *** piety under Trog
  6069 | D:5      | Entered Level 5 of the Dungeon
  6074 | D:5      | Reached skill level 6 in Axes
  6195 | D:5      | Found an ancient bone altar of Kikubaaqudgha.
  6387 | D:5      | Noticed Eustachio
  6523 | D:5      | Killed Eustachio
  6524 | D:5      | Reached skill level 7 in Axes
  6524 | D:5      | Reached XP level 8. HP: 55/55 MP: 8/8
  6588 | D:5      | Reached skill level 8 in Axes
  6917 | D:6      | Reached skill level 9 in Axes
  7307 | D:6      | Found a shimmering blue altar of Sif Muna.
  7318 | D:6      | Reached skill level 10 in Axes
  7409 | D:6      | Found a sacrificial altar of Ru.
  7487 | D:6      | Reached XP level 9. HP: 52/61 MP: 9/9
  7621 | D:6      | Identified the +10 whip of Shame {speed, Int+3}
  7907 | D:2      | Bought a scroll of brand weapon for 240 gold pieces
  7907 | D:2      | Bought a scroll of identify for 24 gold pieces
  8156 | D:6      | Found a burning altar of Makhleb.
  8191 | D:6      | Identified the +9 dagger of Fate {antimagic, rN+ Stlth+}
  8211 | D:6      | Found a glowing golden altar of the Shining One.
  8351 | D:7      | Found an iron altar of Okawaru.
  8372 | D:7      | Identified the +9 trident of Victory {vorpal, +Blink Int-3
                  | Dex+4}
  8411 | D:7      | Found a staircase to the Ecumenical Temple.
  8445 | D:7      | Noticed Menkaure
  8467 | D:7      | Killed Menkaure
  8478 | D:7      | Reached skill level 11 in Axes
  8647 | D:7      | Noticed Joseph
  8657 | D:7      | Killed Joseph
  8746 | D:7      | Reached skill level 12 in Axes
  9142 | D:7      | Identified the +2 war axe "Itriarhyni" {vorpal, SInv}
  9637 | D:8      | Found an opulent altar of Gozag.
  9724 | D:8      | Reached XP level 10. HP: 60/66 MP: 10/10
  9790 | D:8      | Reached skill level 13 in Axes
 10020 | D:8      | Found an ornate altar of the Wu Jian Council.
 10745 | D:9      | Found a broken altar of Ashenzari.
 10775 | D:9      | Reached skill level 14 in Axes
 11611 | D:10     | Entered Level 10 of the Dungeon
 12084 | D:10     | Noticed a two-headed ogre
 12093 | D:10     | Killed a two-headed ogre
 12138 | D:10     | Identified the ring "Vaopoc" {rF- rC++ Int+6}
 12192 | D:10     | Reached **** piety under Trog
 12391 | D:10     | Reached skill level 5 in Dodging
 12392 | D:10     | Reached XP level 11. HP: 69/74 MP: 11/11
 13368 | D:11     | Found a runed translucent gate.
 13511 | D:11     | Found a runed translucent gate.
 13512 | D:11     | Found a runed translucent gate.
 13698 | D:11     | Found a staircase to the Lair.
 13781 | D:11     | Noticed Zeld's ghost (journeyman DDFi)
 13781 | D:11     | Noticed Spectrina's ghost (journeyman DEMo)
 13782 | D:11     | Noticed issech's ghost (journeyman TrFi)
 14143 | D:12     | Found Woj Bic's Armour Shoppe.
 14585 | D:12     | Noticed a boulder beetle
 14650 | Lair:1   | Entered Level 1 of the Lair of Beasts
 15874 | Lair:2   | Found an iron altar of Okawaru.
 15884 | Lair:2   | Reached XP level 12. HP: 84/87 MP: 12/12
 15894 | Lair:2   | Noticed Prince Ribbit
 15913 | Lair:2   | Killed Prince Ribbit
 16079 | Lair:2   | Reached skill level 10 in Fighting
 16324 | Lair:2   | Found a stormy altar of Qazlal.
 16352 | Lair:2   | Identified the +8 trident "Tufy" {freeze, rN+}
 16769 | Lair:2   | Upgraded the game from 0.28.0-49-g6dfe1f597d to
                  | 0.28.0-53-g5a82cb258f
 17013 | Lair:3   | Reached skill level 15 in Axes
 17578 | Lair:3   | Reached skill level 16 in Axes
 17729 | Lair:3   | Noticed a seven-headed hydra
 17841 | Lair:3   | Found a runed translucent door.
 17848 | Lair:3   | Noticed slowmoth's ghost (journeyman GrEE)
 17848 | Lair:3   | Identified the +5 trident of Wada {flame, Dex+2}
 17932 | Lair:3   | Found a hole to the Spider Nest.
 18328 | Lair:3   | Killed a seven-headed hydra
 18547 | Lair:4   | Noticed a six-headed hydra
 19041 | Lair:4   | Reached XP level 13. HP: 92/92 MP: 13/13
 19204 | Lair:4   | Found a transporter.
 19282 | Lair:4   | Reached skill level 17 in Axes
 19282 | Lair:4   | Found a transporter.
 19345 | Lair:4   | Found a staircase to the Shoals.
 20618 | Lair:5   | Identified the ring of Internal Strife {rPois rN+}
 21044 | Lair:5   | Reached skill level 18 in Axes
 21233 | Lair:6   | Entered Level 6 of the Lair of Beasts
 22107 | Lair:5   | Reached skill level 19 in Axes
 22553 | Lair:6   | Reached XP level 14. HP: 95/99 MP: 14/14
 22564 | Lair:6   | Reached ***** piety under Trog
 22988 | Lair:5   | Identified a scroll of acquirement
 22989 | Lair:5   | Acquired the -2 hat of the Alchemist {rElec rPois rF+ rC+
                  | rN+ Will+ rMut rCorr}
 22989 | Lair:5   | Found the -2 hat of the Alchemist {rElec rPois rF+ rC+ rN+
                  | Will+ rMut rCorr}
 23245 | Lair:6   | Reached skill level 20 in Axes
 23491 | Lair:6   | Reached skill level 1 in Evocations
 24988 | D:12     | Reached skill level 1 in Stealth
 25105 | D:12     | Found a staircase to the Orcish Mines.
 25982 | D:12     | Reached skill level 5 in Evocations
 26078 | Orc:1    | Entered Level 1 of the Orcish Mines
 26139 | Orc:1    | Reached skill level 5 in Stealth
 26417 | Orc:2    | Entered Level 2 of the Orcish Mines
 26520 | Orc:2    | Found a staircase to the Elven Halls.
 27134 | Orc:2    | Received a gift from Trog
 27518 | Orc:2    | Found Ahelyf's Distillery.
 27520 | Orc:2    | Found Gofemaq's Distillery.
 28086 | Orc:2    | Reached XP level 15. HP: 94/103 MP: 15/15
 28641 | Orc:2    | Found Obi Osecu's Jewellery Shop.
 28641 | Orc:2    | Found Womyak's Antique Weapon Boutique.
 28642 | Orc:2    | Found a one-way gate leading to the halls of Pandemonium.
 28650 | Orc:2    | Bought a +6 ring of strength for 936 gold pieces
 28652 | Orc:2    | Bought a +4 ring of protection for 576 gold pieces
 28705 | Orc:2    | Bought a potion of cancellation for 112 gold pieces
 28705 | Orc:2    | Bought a potion of heal wounds for 70 gold pieces
 28705 | Orc:2    | Bought a potion of haste for 140 gold pieces
 28705 | Orc:2    | Bought a potion of curing for 42 gold pieces
 28745 | Orc:2    | Reached skill level 10 in Stealth
 29656 | Spider:1 | Entered Level 1 of the Spider Nest
 29969 | Spider:1 | Received a gift from Trog
 30126 | Spider:1 | Identified Roxanne's Grimoire of Moulding
 30126 | Spider:1 | Noticed Roxanne
 30168 | Spider:1 | Noticed an emperor scorpion
 30180 | Spider:1 | HP: 6/154 [poisoned by a redback]
 30181 | Spider:1 | HP: 1/154 [poisoned by a redback]
 30182 | Spider:1 | Succumbed to a redback's poison

Illustrated notes

Levels and vault maps discovered:
D:1:      dpeg_arrival_yet_another_circle, layout_basic, serial_shops,
          nicolae_square_shop, minmay_tripent
D:2:      layout_rooms, serial_shops, shop, kennysheep_potato
D:3:      layout_basic, nicolae_elyvilon_temple_path, grunt_qazlal_clouds,
          hellmonk_ecumenical_altar_watching_god, minmay_misc_feat_columns,
          chequers_jeans
D:4:      layout_loops_ring
D:5:      layout_cave_pools, nicolae_kikubaaqudgha_miasma_corner, uniq_eustachio
D:6:      layout_loops_ring, bloody_makhleb, nicolae_tso_swordbearing_angel,
          mainiacjoe_overflow_small_starburst, old_standard_altar
D:7:      layout_basic, mainiacjoe_overflow_six_doors_small,
          minmay_temple_entry_wispy, uniq_joseph, uniq_menkaure
D:8:      layout_loops_ring, nicolae_gozag_cash_rules_everything_around_me,
          nicolae_wu_jian_wuxing_cycle
D:9:      layout_basic, evilmike_ruin_ashenzari, minmay_starry_boxes
D:10:     layout_small_grid
D:11:     layout_gridville, lair_entry_dummy, gammafunk_ghost_cemetery,
          minmay_misc_feat_chi
D:12:     layout_stronghold, kennysheep_orc_monster_closet_entryway,
          nicolae_stop_n_shop_1
Lair:1:   layout_gridlike, grunt_megastairs_1
Lair:2:   layout_gridlike, basic_altar, gauntlet_entry_generic,
          lemuel_centaur_altar, uniq_prince_ribbit2
Lair:3:   nzn_winding_woodlands_small [nzn_winding_woodlands_5x15_garden,
          nzn_winding_woodlands_center_lodge,
          nzn_winding_woodlands_5x15_pathside_ponds], layout_regular_city,
          hellmonk_spider_entry_life_and_decay, ebering_ghost_funeral_grove
Lair:4:   gammafunk_worm_tunnel, layout_layer_cave,
          minmay_shoals_entry_centaurs, infiniplex_staircase_pool
Lair:5:   layout_loops_ring, st_stairs_8, grunt_megastairs_2
Lair:6:   hangedman_lair_caniforms_friends, layout_cave_shapes,
          minmay_slime_entry_oklob_enclosed
Spider:1: layout_cave_pods, nicolae_spider_eight_legs, uniq_frances,
          uniq_roxanne
Orc:1:    layout_caves
Orc:2:    pf_orc_diabolical, layout_diamond_mine

Skill      XL: |  1  2  3  4  5  6  7  8  9 10 11 12 13 14 15 |
---------------+----------------------------------------------+-----
Axes           | 1 2 3 5 7 10 12 14 16 19 20 | 20.2
Fighting       | 4 5 6 9 10 | 10.2
Dodging        | 5 8 9 |  9.9
Evocations     | 7 9 |  9.6
Stealth        | 7 11 | 11.3
Maces & Flails | |  3.0

Action                   |  1- 3 |  4- 6 |  7- 9 | 10-12 | 13-15 || total
-------------------------+-------+-------+-------+-------+-------++-------
Melee: Hand axe          |    57 |    47 |       |       |       ||   104
       Constrict         |    18 |    18 |    32 |    60 |   128 ||   256
       Tentacles         |     8 |    11 |    39 |    98 |   229 ||   385
       Punch             |       |     2 |     2 |     8 |    15 ||    27
       Battleaxe         |       |    33 |   158 |   395 |   585 ||  1171
       Whip              |       |       |       |     6 |    43 ||    49
       Executioner's axe |       |       |       |       |   227 ||   227
Throw: Dart              |       |       |    10 |    17 |    20 ||    47
Invok: Berserk           |       |     6 |    11 |    15 |    14 ||    46
       Trog's Hand       |       |       |     5 |     9 |    15 ||    29
Evoke: Wand              |       |     3 |     4 |     3 |     8 ||    18
       Lightning rod     |       |       |       |       |     4 ||     4
  Use: Scroll            |     2 |     1 |    11 |    11 |     5 ||    30
       Potion            |       |     1 |       |     2 |       ||     3
 Stab: Sleeping          |     5 |     4 |     4 |     9 |     2 ||    24
       Paralysed         |       |       |       |     3 |     5 ||     8
       Distracted        |       |       |       |       |     1 ||     1
Armor: Skin              |     3 |     5 |    30 |    65 |   122 ||   225
Dodge: Dodged            |    35 |    64 |   100 |   338 |   718 ||  1255
Block: Other             |       |       |       |    63 |   185 ||   248
       Reflection        |       |       |       |     4 |     5 ||     9
